 Dungeon Crawl Stone Soup version 0.28.0-45-g0d030f2227 (webtiles) character file.

Game seed: 721377216715645660

37 AnnaDunkelherz the Caller (level 3, 0/16 HPs)
             Began as a Vine Stalker Summoner on Apr 17, 2022.
             Slain by an adder (1 damage)
             ... on level 2 of the Dungeon.
             The game lasted 00:07:10 (839 turns).

AnnaDunkelherz the Caller (Vine Stalker Summoner)    Turns: 839, Time: 00:07:11

Health: 0/16       AC:  2    Str: 10    XL:     3   Next: 41%
Magic:  0/7        EV: 12    Int: 17    God:
Gold:   24         SH:  0    Dex: 14    Spells: 3/6 levels left

rFire   . . .      SeeInvis .   b - +0 spear
rCold   . . .      Faith    .   (no shield)
rNeg    . . .      Spirit   +   a - +0 robe
rPois   .          Reflect  .   (no helmet)
rElec   .          Harm     .   (no cloak)
rCorr   .          Rampage  .   (no gloves)
Will    .....                   (no boots)
Stlth   ++........              (no amulet)
HPRegen 0.05/turn               (no ring)
MPRegen 0.10/turn               (no ring)

@: lethally poisoned (0 -> -4)
A: fangs 2, magic shield, antimagic bite, no potion heal 2
a: no special abilities


You were on level 2 of the Dungeon.
You visited 1 branch of the dungeon, and saw 2 of its levels.

You collected 24 gold pieces.

Inventory:

Hand Weapons
 b - a +0 spear (weapon)
 c - a +0 club
 d - a +0 club
 f - a +0 club
 i - a +0 club
 k - a +0 short sword
 l - a +0 spear
 m - a +0 dagger
Missiles
 h - 28 arrows
 o - 9 bolts
Armour
 a - a +0 robe (worn)
 e - a +3 scale mail
 j - a +0 scale mail
 n - a +0 chain mail
Scrolls
 g - a scroll of teleportation {unknown}


   Skills:
 + Level 0.1 Fighting
 + Level 0.5 Polearms
 + Level 1.6 Dodging
 + Level 2.4 Stealth
 + Level 2.4 Spellcasting
 + Level 4.7 Summonings


You had 3 spell levels left.
You knew the following spells:

 Your Spells              Type           Power      Damage    Failure   Level
a - Summon Small Mammal   Summ           72%        N/A       2%          1
b - Call Imp              Summ           18%        N/A       4%          2

Your spell library contained the following spells:

 Spells                   Type           Power      Damage    Failure   Level
 Call Canine Familiar     Summ           18%        N/A       8%          3
 Summon Guardian Golem    Hex/Summ       10%        N/A       21%         3
 Summon Lightning Spire   Summ/Air       10%        N/A       56%         4


Dungeon Overview and Level Annotations

Branches:
Dungeon (2/15)

Altars:


Innate Abilities, Weirdness & Mutations

You have extremely sharp teeth.
When hurt, damage is shared between your health and your magic reserves.
Your bite disrupts and absorbs the magic of your enemies.
Potions cannot restore your health.


Message History

The adder barely misses you.
You closely miss the adder. Your bite misses the adder.
The adder is almost dead.
Your crimson imp disappears in a puff of smoke!
The adder bites you. The adder closely misses you.
You hit the adder but do no damage. Your bite misses the adder.
The adder is almost dead.
The adder bites you.
You are poisoned.
The adder poisons you!
You are too injured to fight recklessly!
You feel sick. The adder closely misses you.
You feel sick. The adder barely misses you.
You are too injured to fight recklessly!
You are too injured to fight recklessly!
You are too injured to fight recklessly!
Casting: Call Imp (safe; 4% risk of failure)
Confirm with . or Enter, or press ? or * to list all spells.
A beastly little devil appears in a puff of flame.
You feel sick. The adder closely misses you.
You feel sick.
You are no longer poisoned.
The adder closely misses you. The adder bites you but does no damage.
You hit the adder.
The adder is almost dead.
The adder bites you.
You are lethally poisoned!
The adder poisons you! The adder bites you but does no damage.
Your crimson imp barely misses the adder.
You miss the adder. Your bite misses the adder.
The adder is almost dead.
* * * LOW HITPOINT WARNING * * *
You feel sick. The adder bites you but does no damage.
Your crimson imp blinks!
You barely miss the adder.
The adder is almost dead.
* * * LOW HITPOINT WARNING * * *
You feel sick. The adder bites you.
You die...

#....##....)#####.
......................
.###..#####...######..
#.. #..[# #.. #...# ..
#...# ### #...# #>
.#####..ยง###....
.......@S..5....
######...###.##.
#........#
#..####+#### #.# #. .
.


You could see an adder (ally target) and a friendly crimson imp (summoned).

Vanquished Creatures
  An adder (D:2)
  An endoplasm (D:1)
  A giant cockroach (D:1)
  4 goblins
  A hobgoblin (D:1)
  4 jackals (D:1)
  2 kobolds (D:1)
  3 rats (D:1)
17 creatures vanquished.

Vanquished Creatures (collateral kills)
  A goblin (D:1)
  A hobgoblin (D:1)
  2 jackals (D:1)
  A kobold (D:2)
  A quokka (D:1)
  A frilled lizard (D:2)
7 creatures vanquished.

Grand Total: 24 creatures vanquished

Notes
Turn   | Place    | Note
-------+----------+-------------------------------------------
     0 | D:1      | AnnaDunkelherz the Vine Stalker Summoner began the quest
                  | for the Orb.
     0 | D:1      | Reached XP level 1. HP: 9/9 MP: 4/4
   120 | D:1      | Reached XP level 2. HP: 10/13 MP: 3/6
   509 | D:1      | Learned a level 2 spell: Call Imp
   616 | D:1      | Reached XP level 3. HP: 9/16 MP: 3/7
   762 | D:1      | You fall into a shaft and drop 1 floor!
   839 | D:2      | Slain by an adder

Illustrated notes

Levels and vault maps discovered:
D:1:      amcnicky_arrival_gap_in_the_tavern_cellar, layout_loops_corners,
          hellmonk_ecumenical_altar_blasted
D:2:      layout_loops_ring, eino_curves_03, kennysheep_generic_room_10

Action                   || total
-------------------------++-------
Melee: Spear             ||    77
       Bite              ||    22
       Punch             ||     1
 Cast: Summon Small Mamm ||    10
       Call Imp          ||     3
  Use: Potion            ||     1
Armor: Scale mail        ||    89
       Robe              ||     4
Dodge: Dodged            ||    66
